 Dungeon Crawl Stone Soup version 0.19-a0-231-gae044c8 (webtiles) character file.

73 Delvonshi the Caller (level 4, -7/30 HPs)
             Began as a Demonspawn Summoner on May 24, 2016.
             Killed from afar by Ijyb (13 damage)
             ... with a wand of lightning
             ... on level 3 of the Dungeon.
             The game lasted 00:11:28 (2507 turns).

Delvonshi the Caller (Demonspawn Summoner)          Turns: 2507, Time: 00:11:29

Health: -7/30      AC:  4    Str:  9    XL:     4   Next: 8%
Magic:  0/8        EV: 12    Int: 17    God:
Gold:   168        SH:  0    Dex: 13    Spells: 2 memorised, 6 levels left

rFire  . . .     SeeInvis .     j - +0 dagger
rCold  . . .     Gourm    .     a - +0 robe
rNeg   . . .     Faith    .     (no shield)
rPois  .         Spirit   +     g - +2 hat
rElec  .         Dismiss  .     (no cloak)
rCorr  .         Reflect  .     (no gloves)
SustAt .         Harm     .     (no boots)
MR     .....                    (no amulet)
Stlth  +++.......               (no ring)
                                i - ring of stealth

@: not resistant to hostile enchantments, fairly stealthy
A: talons 1, magic shield, magic regeneration
a: no special abilities


You were on level 3 of the Dungeon.
You were not hungry.

You visited 1 branch of the dungeon, and saw 3 of its levels.

You collected 168 gold pieces.

Inventory:

Hand Weapons
 j - a +0 dagger (weapon)
Armour
 a - a +0 robe (worn)
 g - a +2 hat (worn)
 n - a +0 pair of gloves
Jewellery
 i - a ring of stealth (left hand)
Wands
 q - a wand of lightning (10/15)
Scrolls
 e - 2 scrolls of recharging {unknown}
 h - 7 scrolls of identify {unknown}
 o - a scroll of blinking {unknown}
Potions
 k - 2 potions of brilliance {unknown}
 l - a potion of degeneration {unknown}
 m - a potion of heal wounds {unknown}
Books
 b - a book of Callings

   Spells                             Type                      Level
   a - Summon Small Mammal            Summoning                    1
   b - Call Imp                       Summoning                    2
   c - Call Canine Familiar           Summoning                    3
   d - Summon Guardian Golem          Hexes/Summoning              3
   e - Summon Lightning Spire         Summoning/Air                4
   f - Summon Ice Beast               Ice/Summoning                4
Comestibles
 c - 3 bread rations
 d - a meat ration
 f - 3 beef jerkies
 p - 2 chunks of flesh


   Skills:
 + Level 0.0 Fighting
 - Level 1.7 Dodging
 - Level 1.7 Stealth
 - Level 3.0 Spellcasting
 - Level 5.0 Summonings


You had 6 spell levels left.
You knew the following spells:

 Your Spells              Type           Power        Failure   Level  Hunger
a - Summon Small Mammal   Summ           ###.         2%          1    None
b - Call Imp              Summ           ###.....     3%          2    ##.....


Dungeon Overview and Level Annotations

Branches:
Dungeon (3/15)

Altars:
Nemelex Xobeh

Annotations:
D:3 Ijyb


Innate Abilities, Weirdness & Mutations

You have sharp toenails.
When hurt, damage is shared between your health and your magic reserves.
You regenerate magic rapidly.


Message History

Ijyb zaps a wand.
The bolt of lightning misses you.
Your crimson imp hits Ijyb but does no damage.
Your shadow imp hits Ijyb but does no damage.
Ijyb barely misses your shadow imp.
Your crimson imp hits Ijyb but does no damage.
Your shadow imp hits Ijyb.
Ijyb screams, "I cut your head off!"
Ijyb hits your shadow imp with a dagger of protection.
Your crimson imp blinks!
You swap places.
Your shadow imp closely misses Ijyb.
Ijyb barely misses your shadow imp.
Your shadow imp misses Ijyb.
Your quokka bites Ijyb but does no damage.
Ijyb zaps a wand.
The bolt of lightning hits your shadow imp.
Your shadow imp dies!
The bolt of lightning misses you.
Your crimson imp hits Ijyb but does no damage.
Ijyb zaps a wand.
The bolt of lightning hits you!
You die...

#.# #.#
#.###............. #.#
#.# ..................
#.# #.# #.#
#..........#.# #.#
#.#####.#####....###...(
#.# #................#
###.. #.#
#####.##........## ###
#.# #####.##.......## #
#.#
#..............###### #
#5#
#........@............#
# #.#
#.#.###<##.......####.#
# #.# # #.##.......# .#
# #.# #.##.>..5..# .# #
..# #.####.#g### .####
#.##
#........######..... #.
######.....5.r...... #.
#..############ #. #..#


You could see Ijyb and a friendly crimson imp.

Vanquished Creatures
  An adder (D:2)
  An orc (D:3)
  A ball python (D:2)
  2 bats
  5 giant cockroaches
  2 goblins
  5 hobgoblins (D:2)
  4 jackals
  A quokka (D:3)
  4 giant newts (D:1)
  A kobold (D:1)
  5 rats
32 creatures vanquished.

Vanquished Creatures (collateral kills)
  3 adders
  A worm (D:2)
  A dart slug (D:1)
  A giant gecko (D:1)
  3 goblins
  2 hobgoblins
  4 bats
  A giant newt (D:2)
16 creatures vanquished.

Grand Total: 48 creatures vanquished

Notes
Turn   | Place    | Note
--------------------------------------------------------------
     0 | D:1      | Delvonshi the Demonspawn Summoner began the quest for the Orb.
     0 | D:1      | Reached XP level 1. HP: 13/13 MP: 3/3
   623 | D:1      | Gained mutation: When hurt, damage is shared between your health and your magic reserves. [demonic ancestry]
   623 | D:1      | Reached XP level 2. HP: 19/19 MP: 5/5
   633 | D:1      | Found a sparkling altar of Nemelex Xobeh.
  1456 | D:1      | Learned a level 2 spell: Call Imp
  1467 | D:2      | Gained mutation: You regenerate magic rapidly. [demonic ancestry]
  1467 | D:2      | Reached XP level 3. HP: 18/24 MP: 1/7
  2415 | D:3      | Reached skill level 5 in Summonings
  2415 | D:3      | Gained mutation: You have sharp toenails. [demonic ancestry]
  2415 | D:3      | Reached XP level 4. HP: 23/30 MP: 5/8
  2484 | D:3      | Noticed Ijyb
  2507 | D:3      | Killed from afar by Ijyb

Vault maps used:
D:1:      dpeg_arrival_sounds_slurp, nemelex_altar_shiori
D:3:      minmay_goblin_kobold_house, uniq_iyjb

Skill      XL: |  1  2  3 |
---------------+----------+-----
Spellcasting   | 3 |  3.0
Summonings     | 5 |  5.0
Dodging        | |  1.7
Stealth        | |  1.7

Action                   |  1- 3 |  4- 6 || total
-------------------------+-------+-------++-------
Melee: Unarmed           |    29 |       ||    29
       Dagger            |   184 |     2 ||   186
 Cast: Summon Small Mamm |    18 |     1 ||    19
       Call Imp          |    13 |     1 ||    14
 Stab: Sleeping          |     8 |     1 ||     9
       Distracted        |     4 |       ||     4
  Eat: Chunk             |     6 |       ||     6
Armor: Robe              |    76 |       ||    76
Dodge: Dodged            |   184 |     3 ||   187
